Map: Toxic Slums

Players

bertman - Winner!

  • Race: Terran Terran
  • Spawn Location: 3:00

DarkTemplar - Winner!

  • Race: Protoss Protoss
  • League: Silver
  • Spawn Location: 3:00

BlueHawk - Winner!

  • Race: Terran Terran
  • Spawn Location: 11:00

fortes - Winner!

  • Race: Zerg Zerg
  • Spawn Location: 12:00

irvinz

  • Race: Zerg Zerg
  • Spawn Location: 9:00

VOD

Have the link to the VOD?

Description

Time

  • Played on: Aug. 17, 2018, 2:38 p.m.
  • Length: 13:00
Show
View Real Time Build Order
Export as new Build Order

bertman Terran - Winner!

Build Orders:  

Get SALT Encoding   

  12  0:15  SCV  
  13  0:24  Supply Depot  
  13  0:31  SCV  
  14  0:43  SCV  
  14  0:48  Supply Depot  
  15  0:56  SCV  
  16  1:09  SCV  
  17  1:19  Supply Depot  
  17  1:30  SCV, Barracks  
  18  1:34  Refinery  
  18  1:42  SCV  
  19  1:48  Supply Depot  
  19  2:09  SCV  
  20  2:19  Supply Depot  
  20  2:21  SCV  
  21  2:25  Marine  
  22  2:37  Bunker  
  22  2:42  Marine  
  23  2:50  Factory  
  23  3:00  Marine  
  24  3:10  SCV  
  25  3:18  Marine  
  26  3:22  SCV  
  26  3:23  Barracks  
  27  3:34  SCV  
  28  3:36  Marine  
  28  3:39  Factory Tech Lab  
  29  3:46  Starport  
  29  3:54  Marine  
  30  4:05  Refinery  
  30  4:11  Marine  
  31  4:17  Barracks  
  31  4:24  SCV  
  32  4:29  Marine  
  33  4:36  SCV  
  33  4:38  Starport Tech Lab  
  34  4:43  Siege Tank  
  37  4:47  Marine  
  37  4:51  Orbital Command  
  38  4:58  Medivac  
  40  5:04  Barracks  
  40  5:05  Marine  
  41  5:09  Engineering Bay  
  41  5:56  Marine x4  
  45  6:03  Viking  
  47  6:07  Terran Infantry Weapons Level 1  
  47  6:13  Marine  
  47  6:14  Marine x3  
  51  6:31  Marine x2  
  51  6:32  Marine x2  
  55  6:34  Missile Turret  
  55  6:44  Command Center  
  55  6:52  Supply Depot  
  55  7:14  Viking  
  57  7:15  Supply Depot  
  57  7:33  Cloaking Field  
  57  7:51  Supply Depot  
  57  8:01  Starport, Terran Infantry Armor Level 1  
  57  8:41  Medivac  
  59  8:45  SCV  
  60  8:50  Refinery  
  60  8:57  SCV  
  60  9:02  Starport Tech Lab  
  61  9:07  Marine x3  
  61  9:08  Marine  
  61  9:09  SCV  
  66  9:10  Medivac  
  68  9:21  SCV, Refinery  
  69  9:25  Marine x4  
  73  9:33  SCV  
  74  9:40  Medivac  
  74  9:43  Marine x4  
  80  10:01  Marine x4  
  80  10:02  Armory  
  84  10:18  Marine  
  71  11:20  Banshee  
  74  11:49  SCV  
  75  11:55  Viking  
  75  12:01  SCV  
  78  12:03  Banshee  
  81  12:13  SCV  
  82  12:25  Viking, SCV  
  85  12:37  SCV  
Show
View Real Time Build Order
Export as new Build Order

DarkTemplar Protoss - Winner!

Build Orders:  

Get SALT Encoding   

  12  0:01  Probe  
  13  0:13  Probe  
  14  0:24  Pylon  
  14  0:25  Probe  
  15  0:41  Probe  
  16  0:46  Gateway  
  16  0:49  Probe  
  16  0:54  Assimilator  
  17  0:57  Probe  
  18  1:12  Forge  
  18  1:17  Pylon  
  19  1:18  Probe  
  19  1:24  Zealot  
  19  1:28  Assimilator  
  19  1:30  Probe  
  20  1:39  Cybernetics Core  
  22  1:42  Probe  
  23  1:51  Zealot  
  25  1:57  Warp Gate  
  25  2:01  Photon Cannon  
  25  2:03  Probe  
  26  2:18  Probe  
  27  2:33  Probe  
  28  3:00  Probe  
  28  3:02  Robotics Facility  
  29  3:05  Pylon  
  29  3:10  Stalker  
  31  3:17  Gateway  
  31  3:23  Probe  
  32  3:30  Nexus  
  32  3:33  Pylon  
  32  3:35  Protoss Ground Weapons Level 1  
  32  3:41  Probe  
  33  3:52  Observer  
  34  4:03  Gateway  
  34  4:04  Gateway  
  34  4:07  Pylon, Probe  
  33  4:19  Probe  
  34  4:31  Probe  
  35  4:32  Pylon  
  35  4:36  Pylon  
  35  4:42  Probe  
  35  4:43  Probe  
  35  4:44  Pylon  
  37  4:55  Probe  
  38  5:03  Photon Cannon  
  38  5:05  Photon Cannon  
  38  5:06  Photon Cannon  
  38  5:11  Probe  
  38  5:13  Probe  
  40  5:15  Observer  
  40  5:24  Probe  
  41  5:29  Assimilator  
  41  5:44  Immortal  
  45  5:59  Stalker  
  45  6:00  Stalker  
  45  6:01  Stalker  
  51  6:05  Probe x2  
  53  6:17  Warp Prism, Probe x2  
  54  6:28  Pylon  
  54  6:29  Probe x2  
  54  6:31  Protoss Ground Armor Level 1  
  58  6:35  Twilight Council  
  58  6:39  Robotics Bay  
  58  6:42  Pylon  
  57  6:48  Pylon  
  57  6:50  Probe x2  
  57  6:52  Pylon  
  59  6:55  Assimilator  
  59  7:02  Probe x2, Charge  
  61  7:12  Zealot x2  
  61  7:13  Zealot x2  
  69  7:18  Probe x2  
  69  7:19  Nexus  
  69  7:20  Pylon  
  71  7:23  Pylon  
  71  7:48  Probe  
  72  7:54  Robotics Facility  
  72  7:58  Immortal  
  72  7:59  Pylon  
  72  8:03  Pylon  
  72  8:06  Pylon  
  72  8:09  Protoss Ground Armor Level 2  
  72  8:10  Assimilator  
  72  8:12  Extended Thermal Lance  
  76  8:14  Assimilator  
  76  8:24  Photon Cannon  
  76  8:25  Gateway  
  76  8:28  Gateway  
  76  8:39  Colossus  
  82  8:58  Colossus  
  88  9:23  Colossus  
  88  9:29  Zealot  
  88  9:30  Zealot x2  
  88  9:31  Zealot  
  92  9:44  Colossus  
  96  9:53  Blink  
  92  10:06  Stalker  
  92  10:07  Zealot x2, Photon Cannon  
  92  10:08  Zealot x2  
  92  10:09  Zealot  
  92  10:11  Photon Cannon  
  102  10:16  Colossus  
  102  10:19  Pylon  
  102  10:20  Photon Cannon  
  108  10:22  Probe x3  
  108  10:24  Pylon  
  108  10:25  Protoss Ground Weapons Level 2  
  109  10:34  Probe  
  108  10:40  Colossus  
  114  10:58  Stargate  
  114  10:59  Stargate  
  114  11:02  Pylon, Stargate  
  114  11:06  Pylon  
  114  11:10  Pylon  
  114  11:12  Robotics Facility  
  114  11:16  Colossus  
  94  11:40  Colossus  
  100  11:55  Stalker  
  100  11:56  Stalker  
  100  11:57  Stalker x2  
  100  11:58  Stalker  
  92  12:38  Nexus  
Show
View Real Time Build Order
Export as new Build Order

BlueHawk Terran - Winner!

Build Orders:  

Get SALT Encoding   

  13  0:09  Supply Depot  
  13  0:13  SCV  
  13  0:27  SCV  
  14  0:37  Barracks  
  14  0:42  Refinery  
  14  0:44  SCV  
  15  0:58  SCV  
  16  1:23  Command Center  
  16  1:26  SCV  
  17  1:35  Marine  
  17  1:39  Supply Depot  
  18  1:43  SCV  
  19  1:53  Marine  
  20  2:09  Supply Depot  
  20  2:22  Marine  
  20  2:25  SCV  
  22  2:35  Factory  
  22  2:38  Supply Depot  
  22  2:41  Orbital Command  
  22  2:51  Marine  
  23  3:11  SCV  
  24  3:20  Factory Reactor  
  24  3:21  Starport  
  24  3:24  SCV  
  24  3:25  Marine, Refinery  
  26  3:29  SCV  
  27  3:36  SCV  
  28  3:45  SCV, Barracks  
  28  3:46  Engineering Bay, Marine  
  30  3:56  SCV  
  31  4:04  Marine  
  31  4:08  Factory Tech Lab  
  32  4:11  SCV x2  
  34  4:24  SCV  
  35  4:25  Orbital Command  
  35  4:26  Marine  
  35  4:28  Medivac x2  
  40  4:38  Marine  
  41  4:44  Marine  
  42  4:47  Barracks, SCV  
  42  4:52  Engineering Bay  
  43  4:54  Terran Infantry Weapons Level 1  
  43  4:55  SCV  
  43  4:59  SCV  
  45  5:02  Missile Turret  
  45  5:03  Missile Turret  
  45  5:06  Marine x2  
  47  5:15  SCV x2  
  49  5:22  Terran Infantry Armor Level 1  
  49  5:24  Missile Turret x2  
  49  5:37  SCV  
  49  5:40  Factory Tech Lab  
  50  5:44  SCV  
  50  5:45  Viking x2  
  50  5:47  Marine x3  
  58  5:56  SCV  
  59  6:07  Marine x2  
  59  6:08  Marine  
  62  6:22  Supply Depot  
  62  6:23  Supply Depot  
  62  6:24  Supply Depot  
  62  6:39  Armory  
  62  6:43  Siege Tank, Marine x3, Factory  
  62  6:44  SCV x2, Barracks  
  70  7:15  SCV  
  70  7:16  SCV  
  70  7:17  Marine  
  70  7:18  Marine x2  
  70  7:19  Siege Tank  
  78  7:27  Viking x2  
  82  7:35  Marine  
  83  7:49  Refinery  
  83  8:08  SCV x2  
  85  8:16  Marine  
  85  8:18  Factory Tech Lab  
  86  8:20  Terran Infantry Weapons Level 2  
  86  8:25  Terran Infantry Armor Level 2  
  86  8:41  Refinery  
  86  9:29  Barracks  
  86  9:30  Barracks  
  86  9:34  Barracks  
  86  10:20  Supply Depot  
  86  10:22  Supply Depot x2  
  86  10:27  Marine, SCV  
  86  10:29  SCV  
  86  10:42  Marine x2, SCV, Medivac x2  
  93  10:43  Siege Tank x2  
  93  10:44  Supply Depot, Marine  
  93  10:46  Supply Depot  
  100  10:51  Supply Depot, Marine  
  100  10:52  Marine  
  102  10:57  Marine x2  
  102  10:59  Marine x2, SCV x2  
  102  11:02  Marine  
  108  11:09  Supply Depot, Marine  
  108  11:10  Marine  
  105  11:12  Supply Depot  
  105  11:15  Siege Tank, Marine x2  
  105  11:16  Siege Tank, Supply Depot  
  105  11:17  Marine x2, Medivac  
  115  11:20  Marine  
  109  11:27  Marine x2  
  110  11:32  Marine  
  110  11:35  Marine  
  110  11:37  Marine x2  
  110  11:38  Marine  
  115  11:45  Marine  
  116  11:48  Siege Tank  
  116  11:53  Marine x3  
  122  11:54  Marine  
  122  11:55  Marine  
  122  11:56  Marine  
  122  11:57  Medivac x2  
  122  11:59  Siege Tank  
  132  12:03  Marine  
  133  12:11  Marine x3  
  133  12:12  Marine x2  
  133  12:13  Marine  
  139  12:20  Marine  
  140  12:27  Medivac  
  140  12:29  Marine x3  
  145  12:38  Command Center  
Show
View Real Time Build Order
Export as new Build Order

fortes Zerg - Winner!

Build Orders: Hatch First 

Get SALT Encoding   

  12  0:03  Drone  
  13  0:14  Drone  
  14  0:18  Overlord  
  14  0:36  Drone x2  
  16  0:48  Drone  
  17  1:05  Drone x2  
  19  1:20  Drone  
  19  1:21  Drone  
  21  1:25  Hatchery  
  21  1:29  Extractor  
  19  1:35  Drone  
  19  1:37  Spawning Pool  
  19  1:41  Overlord  
  19  1:52  Drone  
  20  2:08  Drone  
  20  2:15  Drone  
  22  2:24  Drone  
  23  2:39  Extractor  
  22  2:56  Queen  
  24  2:59  Drone x3  
  24  3:16  Zergling x2  
  24  3:18  Metabolic Boost  
  25  3:24  Drone  
  25  3:25  Queen  
  28  3:28  Drone x3  
  31  3:35  Drone  
  32  3:55  Lair  
  32  3:58  Drone x4  
  36  4:12  Overlord x2  
  36  4:17  Hatchery  
  35  4:33  Drone x5  
  40  4:43  Zergling x2  
  41  5:07  Drone x4, Spire  
  41  5:08  Drone x5  
  49  5:16  Drone  
  50  5:25  Zergling x2  
  51  5:47  Zergling x2  
  51  5:48  Zergling x6  
  55  5:54  Drone x2  
  57  6:00  Drone  
  57  6:01  Hatchery  
  57  6:02  Overlord x2  
  54  6:21  Mutalisk x2  
  58  6:44  Drone x6, Evolution Chamber  
  58  6:45  Drone x3  
  62  7:57  Mutalisk x3  
  64  8:06  Zergling x6  
  64  8:07  Zergling x2  
  64  8:09  Drone x3  
  71  8:14  Extractor  
  71  8:17  Extractor  
  71  8:19  Extractor  
  68  8:22  Extractor  
  67  8:37  Hydralisk Den  
  66  9:00  Overlord x2  
  66  9:19  Extractor  
  66  9:21  Extractor  
  64  9:36  Hydralisk x4  
  72  9:39  Drone x5  
  72  9:40  Hatchery  
  76  9:49  Drone x3  
  73  10:28  Hydralisk x3  
  73  10:29  Hydralisk x6  
  91  10:39  Hydralisk x2  
  83  10:56  Pneumatized Carapace  
  83  10:57  Hatchery  
  83  10:59  Zerg Flyer Weapons Level 1  
  83  11:04  Hydralisk x3  
  88  11:26  Zergling x2  
  88  11:27  Zergling x22  
  100  11:39  Hydralisk  
  102  11:41  Overlord x3  
  102  11:58  Hydralisk  
  102  11:59  Hydralisk x7  
  114  12:14  Mutalisk  
  114  12:15  Mutalisk x8  
  118  12:29  Hydralisk  
  106  12:30  Hydralisk x5  
Show
View Real Time Build Order
Export as new Build Order

irvinz Zerg 

Build Orders: Hatch First 

Get SALT Encoding   

  12  0:01  Drone  
  13  0:14  Drone  
  14  0:39  Hatchery, Drone  
  14  0:45  Overlord  
  14  1:03  Spawning Pool  
  13  1:08  Drone  
  14  1:12  Drone  
  14  1:13  Extractor  
  14  1:16  Drone  
  15  1:20  Drone  
  16  1:29  Drone  
  17  1:41  Drone  
  18  1:51  Drone x2  
  20  2:02  Zergling x4  
  22  2:12  Drone  
  22  2:15  Metabolic Boost  
  23  2:16  Roach Warren  
  22  2:24  Drone x2  
  24  2:31  Drone  
  24  2:35  Drone x2  
  27  2:44  Overlord  
  27  2:50  Drone  
  28  3:02  Queen  
  28  3:03  Drone x2  
  32  3:06  Zergling x2  
  32  3:07  Drone  
  34  3:15  Queen  
  34  3:18  Overlord  
  35  3:28  Spine Crawler  
  35  3:30  Drone x2  
  36  3:38  Roach  
  36  3:39  Drone  
  40  3:41  Drone, Hatchery  
  39  3:52  Drone  
  39  3:53  Drone  
  41  4:00  Zergling x2, Roach  
  43  4:11  Drone  
  43  4:13  Overlord  
  43  4:14  Overlord  
  44  4:27  Overlord x2  
  44  4:31  Drone x4, Queen x2  
  48  4:37  Drone  
  53  4:45  Drone  
  53  4:46  Drone  
  55  4:53  Drone  
  55  4:57  Drone x2  
  55  4:58  Drone x2  
  55  4:59  Evolution Chamber  
  59  5:02  Spine Crawler  
  59  5:03  Roach  
  60  5:08  Roach  
  60  5:12  Queen  
  60  5:13  Drone  
  60  5:14  Drone x2  
  67  5:17  Drone x2  
  67  5:20  Lair  
  69  5:22  Drone x2, Roach  
  69  5:24  Extractor  
  69  5:27  Roach x2  
  76  5:32  Roach  
  78  5:37  Zergling x4  
  80  5:47  Roach  
  80  5:48  Spore Crawler  
  81  5:50  Drone  
  81  5:54  Overlord x3  
  81  5:56  Extractor  
  81  5:57  Extractor  
  81  5:59  Drone x2  
  82  6:10  Drone  
  82  6:14  Zerg Ground Armor Level 1  
  82  6:16  Drone x4  
  82  6:17  Drone  
  87  6:19  Drone  
  87  6:20  Drone  
  89  6:28  Drone  
  89  6:29  Spire, Drone x4  
  89  6:30  Drone x3  
  96  6:36  Drone, Evolution Chamber  
  96  6:39  Overlord  
  96  6:50  Roach  
  96  6:51  Overlord  
  96  6:53  Extractor  
  97  6:54  Drone  
  97  6:55  Extractor  
  97  6:56  Overlord x3  
  97  7:04  Hatchery  
  97  7:08  Roach x5  
  106  7:10  Hatchery  
  106  7:13  Roach x2  
  106  7:14  Overseer, Roach  
  111  7:18  Roach x2  
  111  7:21  Zergling x6  
  117  7:25  Roach x2  
  117  7:27  Spore Crawler  
  117  7:29  Spore Crawler  
  119  7:31  Roach  
  119  7:32  Spore Crawler, Roach  
  119  7:33  Spore Crawler  
  119  7:34  Spore Crawler  
  119  7:36  Spine Crawler, Roach x2  
  124  7:37  Zergling x2  
  124  7:42  Roach  
  124  7:43  Roach x2  
  130  7:56  Overseer  
  130  8:03  Overlord  
  130  8:04  Overlord x2  
  130  8:09  Zerg Flyer Weapons Level 1  
  130  8:13  Hatchery  
  129  8:24  Roach x6  
  129  8:25  Roach x5  
  151  8:31  Infestation Pit  
  150  8:36  Zergling x12  
  150  8:37  Zergling x2  
  150  8:40  Glial Reconstitution  
  157  8:46  Zergling x2  
  158  9:13  Burrow  
  158  9:17  Hatchery  
  157  9:28  Roach x3  
  157  9:29  Mutalisk x2  
  157  9:30  Zergling x2  
  170  9:31  Zergling x4, Roach  
  170  9:32  Overlord  
  170  9:40  Roach  
  170  9:41  Overlord  
  170  9:42  Overlord x2  
  172  9:48  Overlord  
  172  9:49  Overlord x5  
  172  9:58  Roach  
  174  10:02  Evolution Chamber  
  174  10:03  Evolution Chamber  
  174  10:06  Infestation Pit  
  171  10:08  Roach  
  171  10:09  Roach  
  171  10:12  Roach x3  
  171  10:13  Mutalisk, Roach x3  
  189  10:15  Roach x4  
  189  10:16  Roach  
  199  10:24  Hydralisk Den  
  188  10:31  Roach  
  188  10:32  Zergling x8, Roach x6  
  188  10:33  Roach  
  196  10:43  Roach x2  
  196  10:44  Overlord  
  200  10:51  Pneumatized Carapace  
  180  11:13  Roach x3  
  180  11:18  Roach  
  180  11:19  Roach x3  
  162  11:26  Hydralisk x4, Roach x3  
  162  11:27  Roach x4  
  162  11:31  Hydralisk  
  148  11:34  Overlord  
  125  11:55  Hydralisk x4  
  125  11:56  Roach x4  
  141  12:03  Drone  
  141  12:04  Drone x4  
  141  12:07  Drone  
  122  12:20  Hydralisk  
  122  12:21  Roach x2  
  103  12:27  Roach  
  103  12:28  Zergling x2  
  90  12:31  Zergling x2  
  75  12:42  Zergling x2  
Tags
 
Add a new tag
Caveats
  • Supply blocks, unpowered buildings, or Contaminate may cause inaccurate times.
  • Supply counts are checked every 10 seconds.